 Dungeon Sprint DCSS version 0.31-a0-344-gd109795599 (webtiles) character file.

Game seed: 16908570397360290775

1204 dialectric the Unseen (level 8, -7/57 HPs)
             Began as an Octopode Brigand on July 21, 2023.
             Was an Initiate of Gozag.
             Mangled by a demonic crawler (11 damage)
             ... in the Dungeon (Sprint I: "Red Sonja").
             The game lasted 00:01:25 (333 turns).

dialectric the Unseen (Octopode Brigand)             Turns: 333, Time: 00:01:26

Health: -7/57      AC:  1    Str: 10    XL:     8   Next: 45%
Magic:  8/8        EV: 14    Int: 13    God:    Gozag
Gold:   538        SH:  0    Dex: 16    Spells: 7/7 levels left

rFire   . . .        a - +2 dagger
rCold   . . .        (no shield)
rNeg    . . .        (helmet restricted)
rPois   .            (no amulet)
rElec   .            (no ring)
rCorr   .            (no ring)
SInv    .            (no ring)
Will    .....        (no ring)
Stlth   +++++++++    (no ring)
HPRegen 0.29/turn    (no ring)
MPRegen 0.11/turn    (no ring)
                     (no ring)

%: no teleportation
@: gold aura
A: almost no armour, amphibious, 8 rings, camouflage 1, gelatinous body 1,
(nimble swimmer 1), tentacles
a: Renounce Religion, Potion Petition, Call Merchant, Bribe Branch


You were in the Dungeon.
You worshipped Gozag.
Gozag was pleased with you.
You visited 1 branch You collected 538 gold pieces.

Inventory:

Hand Weapons
 a - a +2 dagger (weapon)
Missiles
 b - 9 poisoned darts
 c - 3 curare-tipped darts (quivered)
Wands
 j - a wand of mindburst (18)
Scrolls
 i - a scroll of blinking
Potions
 d - 2 potions of curing
 f - a potion of haste
 g - 2 potions of magic


   Skills:
 + Level 6.2 Fighting
 + Level 6.8 Short Blades
 - Level 2.5 Throwing
 + Level 3.7 Dodging
 + Level 20.9 Stealth
 + Level 2.7 Evocations


You had 7 spell levels left.
You didn't know any spells.
Your spell library was empty.

Dungeon Overview and Level Annotations

Branches:
Dungeon (1/1)

Altars:
Cheibriados
Dithmenos
Elyvilon
Fedhas
Gozag
Hepliaklqana
Kikubaaqudgha
Makhleb
Nemelex Xobeh
Okawaru
Qazlal
Ru
Sif Muna
Trog
Uskayaw
Vehumet
Wu Jian
Xom
Yredelemnul
Zin
The Shining One
Jiyva
Lugonu

Shops:
D !


Innate Abilities, Weirdness & Mutations

You cannot wear most types of armour.
You are amphibious.
You can wear up to eight rings at the same time.
Your skin changes colour to match your surroundings (Stealth+).
Your rubbery body absorbs attacks. (AC +1, EV +1)
((You are camouflaged when in or above water. (Stealth+)))
You have tentacles for arms and can constrict up to eight enemies at once.


Message History

You constrict the floating eye.
The floating eye gazes piercingly through you!
You suddenly lose the ability to move!
You lose your grip on the floating eye.
The floating eye's stare focuses on you.
You can move again.
You hit the floating eye. You grab the floating eye.
The floating eye is severely wounded.
You constrict the floating eye.
Unknown command.
You hit the floating eye.
The floating eye is almost dead.
You constrict the floating eye.
The floating eye gazes piercingly through you!
You shrug off the repeated paralysis!
You hit the floating eye.
You kill the floating eye!
You now have 457 gold pieces (gained 45).
You now have 484 gold pieces (gained 27).
Things that are here:
a +0 dagger; a +0 robe You now have 538 gold pieces (gained 54).
Things that are here:
a +0 dagger; a +0 robe You open the door. 4 demonic crawlers come into view.
You hit the demonic crawler but do no damage.
The demonic crawler gives a hideous shriek! x3
The demonic crawler barely misses you.
The demonic crawler completely misses you.
The demonic crawler barely misses you.
Unknown command.
The demonic crawler attacks as you move away!
The demonic crawler hits you! x2; The demonic crawler hits you!!
* * * LOW HITPOINT WARNING * * *
The demonic crawler is distracted by your dazzling golden aura.
The demonic crawler hits you!
* * * LOW HITPOINT WARNING * * *
The demonic crawler hits you!
You die...
Your body crumbles into a pile of gold.

####################
'..#.)'..#__#..'@s)# $$
#.)'..#..'..'..#...# $
##+#####'#__####)..ss.#$
$ $$#...#.#### #####s.+$
$ ####..##.# $$ +## $
___##'#_.+ $ ∩..†'..._#
$$ $$$ .__##_.#'#
___###+#.# $ $ $


You could see 4 demonic crawlers.

Vanquished Creatures
  2 kobold demonologists (D)
  Sigmund (D)
  A yak (D)
  A slime creature (D)
  A floating eye (D)
  An ogre (D)
  A jelly (D)
  Ijyb (D)
9 creatures vanquished.

Notes
Turn   | Place    | Note
-------+----------+-------------------------------------------
     0 | D        | dialectric the Octopode Brigand began the quest for the
                  | Orb.
     0 | D        | Reached XP level 1. HP: 14/14 MP: 1/1
     2 | D        | Noticed Ijyb
     6 | D        | Killed Ijyb
     7 | D        | Reached skill level 8 in Stealth
     7 | D        | Reached XP level 2. HP: 20/20 MP: 2/2
     7 | D        | Reached XP level 3. HP: 25/25 MP: 3/3
    13 | D        | Noticed an ogre
    17 | D        | Killed an ogre
    18 | D        | Reached skill level 12 in Stealth
    18 | D        | Reached XP level 4. HP: 5/31 MP: 4/4
   122 | D        | Noticed Sigmund
   124 | D        | Killed Sigmund
   125 | D        | Reached skill level 15 in Stealth
   125 | D        | Reached skill level 1 in Evocations
   125 | D        | Reached XP level 5. HP: 38/38 MP: 5/5
   125 | D        | Reached XP level 6. HP: 44/44 MP: 6/6
   138 | D        | Found a shimmering blue altar of Sif Muna.
   139 | D        | Found an ornate altar of the Wu Jian Council.
   140 | D        | Found a radiant altar of Vehumet.
   151 | D        | Reached skill level 16 in Stealth
   266 | D        | Found Esmigil's Distillery.
   266 | D        | Found an ancient bone altar of Kikubaaqudgha.
   266 | D        | Found a stormy altar of Qazlal.
   266 | D        | Found a blossoming altar of Fedhas.
   266 | D        | Found a bloodstained altar of Trog.
   266 | D        | Found an iron altar of Okawaru.
   266 | D        | Found a glowing golden altar of the Shining One.
   266 | D        | Found a glowing silver altar of Zin.
   266 | D        | Found a white marble altar of Elyvilon.
   266 | D        | Noticed a yak
   267 | D        | Found a hazy altar of Hepliaklqana.
   267 | D        | Found a hide-covered altar of Uskayaw.
   267 | D        | Found a basalt altar of Yredelemnul.
   267 | D        | Found an opulent altar of Gozag.
   267 | D        | Found a snail-covered altar of Cheibriados.
   267 | D        | Found a sacrificial altar of Ru.
   267 | D        | Found a shadowy altar of Dithmenos.
   268 | D        | Killed a yak
   269 | D        | Reached skill level 5 in Fighting
   269 | D        | Reached skill level 5 in Short Blades
   269 | D        | Reached skill level 17 in Stealth
   269 | D        | Reached XP level 7. HP: 50/50 MP: 7/7
   269 | D        | Found a sparkling altar of Nemelex Xobeh.
   274 | D        | Became a worshipper of Gozag Ym Sagoz the Greedy
   286 | D        | Found a burning altar of Makhleb.
   286 | D        | Found a shimmering altar of Xom.
   286 | D        | Noticed a slime creature
   287 | D        | Found a viscous altar of Jiyva.
   287 | D        | Found a corrupted altar of Lugonu.
   289 | D        | Killed a slime creature
   290 | D        | Reached skill level 18 in Stealth
   304 | D        | Noticed a kobold demonologist
   305 | D        | Noticed a kobold demonologist
   307 | D        | Killed a kobold demonologist
   308 | D        | Reached skill level 19 in Stealth
   308 | D        | Reached XP level 8. HP: 57/57 MP: 8/8
   309 | D        | Killed a kobold demonologist
   310 | D        | Reached skill level 20 in Stealth
   315 | D        | Paralysed by a floating eye for 2 turns
   330 | D        | Noticed a demonic crawler
   330 | D        | Noticed a demonic crawler
   330 | D        | Noticed a demonic crawler
   330 | D        | Noticed a demonic crawler
   333 | D        | Mangled by a demonic crawler

Illustrated notes

Levels and vault maps discovered:
D:        dungeon_sprint_1 [red_sonja_temple_1, red_sonja_temple_small_1]

Skill      XL: |  1  2  3  4  5  6  7  8 |
---------------+-------------------------+-----
Stealth        | 8 12 15 17 19 20 | 20.9
Fighting       | 3 4 5 6 |  6.2
Short Blades   | 3 4 5 6 |  6.8
Dodging        | 2 3 |  3.7
Evocations     | 1 2 |  2.7
Throwing       | |  2.5

Action                     |  1- 3 |  4- 6 |  7- 9 || total
---------------------------+-------+-------+-------++-------
  Melee: Dagger            |     4 |     4 |     9 ||    17
         Tentacles         |     1 |     1 |       ||     2
         Constrict         |       |       |     2 ||     2
  Throw: Dart              |     1 |       |       ||     1
  Evoke: Wand              |     1 |     1 |       ||     2
    Use: Potion            |       |     2 |       ||     2
   Stab: Sleeping          |     1 |     2 |     3 ||     6
  Dodge: Dodged            |     2 |     1 |     3 ||     6

Table legend: (Time is in decaauts)
 A = Elapsed time spent in this place.
 B = Non-inter-level travel time spent in this place.
 C = Inter-level travel time spent in this place.
 D = Time resting spent in this place.
 E = Time spent auto-exploring this place.
 F = Levels seen in this place.
 G = Mean time per level.
                   A        B        C        D        E       F      G
               +--------+--------+--------+--------+--------+-----+--------+
         Total |    339 |    339 |      0 |    170 |      0 |   1 |  339.0 |
       Dungeon |    339 |    339 |      0 |    170 |      0 |   1 |  339.0 |
               +--------+--------+--------+--------+--------+-----+--------+

Top non-repeatable levels by time:
       D: 339 daAuts
